 Dungeon Crawl Stone Soup version 0.19-a0-1899-g2d93087 (webtiles) character file.

12082 Jorund the Cleaver (level 11, 0/91 HPs)
             Began as a Demonspawn Gladiator on Oct 20, 2016.
             Was a High Priest of Okawaru.
             Succumbed to a queen ant's poison
             ... on level 1 of the Lair of Beasts.
             The game lasted 00:36:04 (13765 turns).

Jorund the Cleaver (Demonspawn Gladiator)          Turns: 13765, Time: 00:36:05

Health: 0/91       AC: 12    Str: 18      XL:     11   Next: 57%
Magic:  14/14      EV: 12    Int: 11      God:    Okawaru [*****.]
Gold:   678        SH:  5    Dex: 12 (13) Spells: 0 memorised, 10 levels left

rFire  + . .     SeeInvis +     a - +2 war axe (freeze)
rCold  . . .     Gourm    .     I - +1 ring mail {rF+}
rNeg   . . .     Faith    .     t - +0 buckler
rPois  +         Spirit   .     (helmet restricted)
rElec  .         Reflect  .     v - +1 cloak
rCorr  .         Harm     .     G - +0 pair of gloves
MR     +....                    (no boots)
Stlth  +.........               (no amulet)
                                j - ring of see invisible
                                x - ring of poison resistance

@: lethally poisoned (0 -> -1)
A: horns 1, rugged brown scales 1, demonic guardian 1, deterioration 1, foul
stench 1, magic resistance 1, robust 1, rot immunity
a: Heroism, Finesse, Renounce Religion


You were on level 1 of the Lair of Beasts.
You worshipped Okawaru.
Okawaru was extremely pleased with you.
You were full.

You visited 3 branches of the dungeon, and saw 13 of its levels.

You collected 678 gold pieces.

Inventory:

Hand Weapons
 a - a +2 war axe of freezing (weapon)
 p - a +3 vampiric spear
 B - a +0 battleaxe
Missiles
 d - a throwing net (quivered)
 h - 8 steel javelins
 q - 55 poisoned needles
Armour
 t - a +0 buckler (worn)
 v - a +1 cloak (worn)
 G - a +0 pair of gloves (worn)
 I - a +1 ring mail of fire resistance (worn)
Jewellery
 i - a +5 ring of intelligence
 j - a ring of see invisible (right hand)
 x - a ring of poison resistance (left hand)
 A - an uncursed ring of protection from cold
Wands
 r - a wand of iceblast (5/15)
 u - a wand of paralysis (12/24)
 C - a wand of flame (29/48)
Scrolls
 c - a scroll of fear
 e - 4 scrolls of enchant armour
 g - 5 scrolls of remove curse
 s - 2 scrolls of amnesia
 y - a scroll of enchant weapon
 H - a scroll of fog
Potions
 m - a potion of brilliance
 F - a potion of flight
Books
 n - a book of Maledictions

   Spells                             Type                      Level
   a - Corona                         Hexes                        1
   b - Ensorcelled Hibernation        Hexes/Ice                    2
   c - Confuse                        Hexes                        3
   d - Tukima's Dance                 Hexes                        3
   e - Dazzling Spray                 Conjuration/Hexes            3
 D - a book of Necromancy

   Spells                             Type                      Level
   a - Pain                           Necromancy                   1
   b - Animate Skeleton               Necromancy                   1
   c - Vampiric Draining              Necromancy                   3
   d - Regeneration                   Charms/Necromancy            3
   e - Animate Dead                   Necromancy                   4
   f - Control Undead                 Necromancy                   4
Comestibles
 b - a royal jelly
 f - 9 bread rations
 l - 11 fruits
 o - 5 meat rations
 z - 11 beef jerkies
 J - 2 slices of pizza


   Skills:
 + Level 5.8 Fighting
 + Level 13.3 Axes
 - Level 1.7 Throwing
 + Level 6.6 Armour
 - Level 2.6 Dodging
 - Level 5.1 Shields
 * Level 4.3 Invocations


You had 10 spell levels left.
You didn't know any spells.

Dungeon Overview and Level Annotations

Branches:
Dungeon (10/15)            Temple (1/1) D:5            Lair (2/6) D:9
  Swamp: Lair:2-4    Shoals: Lair:2-4     Snake: Lair:2-4    Spider: Lair:2-4
    Orc: D:9-12

Altars:
Ashenzari
Cheibriados
Dithmenos
Elyvilon
Fedhas
Gozag
Hepliaklqana
Kikubaaqudgha
Makhleb
Nemelex Xobeh
Okawaru
Qazlal
Ru
Sif Muna
Trog
Uskayaw
Vehumet
Xom
Yredelemnul
The Shining One

Annotations:
D:2 1 runed door
D:4 Purgy; TugoseryaHuesosov's ghost, amateur KoGl
D:9 exclusion: oklob plant
Lair:2 Fannar


Innate Abilities, Weirdness & Mutations

You have a pair of small horns on your head.
A weak demonic guardian rushes to your aid.
You may emit foul miasma when damaged in melee.
You are immune to rotting.
You are partially covered in rugged brown scales. (AC +1, +3% HP)
Your body sometimes deteriorates upon taking damage.
You are resistant to hostile enchantments. (MR+)
You are robust. (+10% HP)


Message History

You feel sick.
There is a stone staircase leading down here.
Okay, then.
You start eating one of the 6 meat rations.
Keep eating?
* * * LOW HITPOINT WARNING * * *
You feel sick.
You continue eating. x2
* * * LOW HITPOINT WARNING * * *
You feel sick.
You finish eating.
That meat ration really hit the spot!
There is a lethal amount of poison in your body!
Unknown command.
* * * LOW HITPOINT WARNING * * *
You feel sick.
* * * LOW HITPOINT WARNING * * *
You feel sick.
* * * LOW HITPOINT WARNING * * *
You feel sick.
You die...

## .#### ######## ....##
#.#....## .....##
#########......##
......#######.#P.P..........#####
.............................##P#
................@................
.............#####.>.............
.......#P..#######.#.............
..........>..##....###...........
...................# ##.......##.
...................# #....#####.
...................####..........
...................#P.#...##.#P##
..............#..............###


There were no monsters in sight!

Vanquished Creatures
  A centaur warrior (D:10)
  A queen ant (Lair:2)
  An unseen horror (D:10)
  Joseph (D:9)
  A black mamba (Lair:2)
  A two-headed ogre (D:10)
  Grinder (D:4)
  A polar bear (Lair:2)
  A hippogriff (D:10)
  2 yaks (D:9)
  A hungry ghost (D:9)
  A wyvern (D:9)
  2 basilisks (D:9)
  A soldier ant (Lair:2)
  6 water moccasins
  9 porcupines
  A meliai simulacrum (D:10)
  An orc warrior (D:10)
  3 ogres
  2 ice beasts
  An eye of draining (D:8)
  5 sky beasts
  A necrophage (D:5)
  2 phantoms
  8 wolves
  6 centaurs
  5 crocodiles
  A big kobold (D:8)
  3 bullfrogs
  A scorpion (D:5)
  A water moccasin skeleton (D:8)
  An electric eel (Lair:1)
  5 wights (D:9)
  2 vampire bats (D:4)
  3 crimson imps
  A centaur zombie (D:6)
  2 bullfrog zombies
  A jelly (D:8)
  A human zombie (D:2)
  5 orc priests
  Crazy Yiuf (D:2)
  8 hounds
  9 orc wizards
  A centaur skeleton (D:7)
  A human skeleton (D:2)
  14 iguanas
  13 worker ants
  A killer bee zombie (D:10)
  A bullfrog simulacrum (D:10)
  2 hound zombies
  7 gnolls
  15 adders
  2 howler monkey skeletons
  2 river rats (D:9)
  A hound simulacrum (D:10)
  4 shadow imps
  5 white imps (D:10)
  4 ufetubi (D:10)
  2 oozes
  2 adder skeletons
  2 worms
  2 dart slugs
  4 leopard geckos
  35 orcs
  4 bats
  3 bat skeletons (D:4)
  2 bat zombies (D:4)
  5 giant cockroaches
  17 goblins
  6 hobgoblins
  4 jackals
  16 kobolds
  5 quokkas
  2 ball pythons (D:4)
  5 frilled lizards
  A giant cockroach zombie (D:5)
  A goblin skeleton (D:2)
  A quokka zombie (D:8)
  6 rats
  A fungus (Lair:1)
310 creatures vanquished.

Vanquished Creatures (collateral kills)
  A komodo dragon (Lair:1)
  2 hippogriffs
  A yak (D:9)
  An orc warrior (D:6)
  A necrophage (D:9)
  2 sky beasts
  A bullfrog (D:9)
  2 orc wizards
  An iguana (D:9)
  An orc (D:6)
  A hobgoblin (D:6)
14 creatures vanquished.

Vanquished Creatures (others)
  A fungus (Lair:2)
  8 plants
9 creatures vanquished.

Grand Total: 333 creatures vanquished

Notes
Turn   | Place    | Note
-------+----------+-------------------------------------------
     0 | D:1      | Jorund the Demonspawn Gladiator began the quest for the Orb.
     0 | D:1      | Reached XP level 1. HP: 16/16 MP: 1/1
   128 | D:1      | Reached skill level 3 in Axes
   176 | D:1      | Gained mutation: You have a pair of small horns on your head. [demonic ancestry]
   176 | D:1      | Reached XP level 2. HP: 9/22 MP: 2/2
   836 | D:2      | Reached XP level 3. HP: 23/27 MP: 3/3
  1057 | D:2      | Reached skill level 4 in Axes
  1308 | D:2      | Found a runed door.
  1473 | D:2      | Found a runed door.
  1473 | D:2      | Noticed a human
  1490 | D:2      | Reached skill level 1 in Armour
  1490 | D:2      | Gained mutation: You are immune to rotting. [demonic ancestry]
  1490 | D:2      | Reached XP level 4. HP: 16/33 MP: 4/4
  1786 | D:2      | Found a basalt altar of Yredelemnul.
  2227 | D:2      | Noticed Crazy Yiuf
  2232 | D:2      | Killed Crazy Yiuf
  2232 | D:2      | Reached XP level 5. HP: 38/38 MP: 5/5
  2314 | D:3      | Reached skill level 5 in Axes
  2712 | D:3      | Found a shadowy altar of Dithmenos.
  2808 | D:3      | Found an opulent altar of Gozag.
  3142 | D:3      | Noticed an ogre
  3550 | D:3      | Reached XP level 6. HP: 39/44 MP: 6/6
  3735 | D:4      | Reached skill level 6 in Axes
  3913 | D:4      | Noticed Purgy
  4029 | D:4      | Noticed Grinder
  4029 | D:4      | Paralysed by Grinder for 5 turns
  4036 | D:4      | Paralysed by Grinder for 7 turns
  4060 | D:4      | Killed Grinder
  4060 | D:4      | Reached skill level 1 in Shields
  4060 | D:4      | Gained mutation: You may emit foul miasma when damaged in melee. [demonic ancestry]
  4060 | D:4      | Reached XP level 7. HP: 5/50 MP: 7/7
  4911 | D:4      | Noticed TugoseryaHuesosov's ghost (amateur KoGl)
  4927 | D:4      | Reached skill level 7 in Axes
  5028 | D:4      | Found a hazy altar of Hepliaklqana.
  5048 | D:4      | Found a deep blue altar of Sif Muna.
  5057 | D:4      | Found a white marble altar of Elyvilon.
  5073 | D:4      | Found a stormy altar of Qazlal.
  5158 | D:4      | Found an ancient bone altar of Kikubaaqudgha.
  5193 | D:5      | Entered Level 5 of the Dungeon
  5302 | D:5      | Gained mutation: A weak demonic guardian rushes to your aid. [demonic ancestry]
  5302 | D:5      | Reached XP level 8. HP: 41/56 MP: 8/8
  5519 | D:5      | Found a staircase to the Ecumenical Temple.
  5540 | Temple   | Entered the Ecumenical Temple
  5589 | Temple   | Became a worshipper of Warmaster Okawaru
  5691 | D:5      | Reached skill level 8 in Axes
  6307 | D:5      | Gained mutation: You are partially covered in rugged brown scales. (AC +1, +3% HP) [mutagenic meat]
  6370 | D:6      | Reached * piety under Okawaru
  6629 | D:6      | Found a glowing golden altar of the Shining One.
  6982 | D:6      | Reached skill level 9 in Axes
  7316 | D:6      | Reached XP level 9. HP: 62/62 MP: 9/9
  8114 | D:7      | You fall through a shaft for 3 floors!
  8114 | D:10     | Entered Level 10 of the Dungeon
  8534 | D:10     | Noticed a centaur warrior
  8543 | D:10     | Killed a centaur warrior
  8543 | D:10     | Reached ** piety under Okawaru
  8543 | D:10     | Reached skill level 10 in Axes
  8668 | D:9      | Found a shattered altar of Ashenzari.
  8668 | D:9      | Noticed an oklob plant
  8694 | D:9      | Noticed Joseph
  8703 | D:9      | Paralysed by Joseph for 7 turns
  8715 | D:9      | Killed Joseph
  8715 | D:9      | Reached skill level 5 in Armour
  8716 | D:9      | Reached *** piety under Okawaru
  8757 | D:9      | Reached skill level 11 in Axes
  9060 | D:9      | Reached XP level 10. HP: 66/69 MP: 10/10
  9289 | D:8      | Reached skill level 5 in Shields
 10502 | D:9      | Got a heavily runed ring mail
 10513 | D:9      | Identified the cursed +0 ring mail of Wonder {+Blink rN+ MR+ Dex-3} (You found it on level 9 of the Dungeon)
 10614 | D:9      | Reached **** piety under Okawaru
 10815 | D:9      | Reached skill level 12 in Axes
 11061 | D:9      | HP: 2/72 [orc priest/divine providence (16)]
 11064 | D:9      | Gained mutation: You are robust. (+10% HP) [potion of mutation]
 11064 | D:9      | Gained mutation: You are resistant to hostile enchantments. (MR+) [potion of mutation]
 11064 | D:9      | Gained mutation: Your body sometimes deteriorates upon taking damage. [potion of mutation]
 11067 | D:9      | Was placed under penance by Okawaru
 11556 | D:9      | Was forgiven by Okawaru
 11575 | D:9      | Found a staircase to the Lair.
 11959 | D:10     | Noticed an unseen horror
 11979 | D:10     | Killed an unseen horror
 11979 | D:10     | Reached ***** piety under Okawaru
 11979 | D:10     | Reached XP level 11. HP: 52/88 MP: 11/11
 12281 | D:10     | Reached skill level 1 in Invocations
 12462 | Lair:1   | Entered Level 1 of the Lair of Beasts
 12614 | Lair:1   | Reached skill level 5 in Fighting
 12802 | Lair:1   | Found a blossoming altar of Fedhas.
 13040 | Lair:1   | Reached skill level 13 in Axes
 13606 | Lair:2   | Received a gift from Okawaru
 13617 | Lair:2   | Noticed Fannar
 13705 | Lair:2   | Noticed a queen ant
 13737 | Lair:2   | Killed a queen ant
 13740 | Lair:2   | HP: 3/91 [poisoned by a queen ant]
 13755 | Lair:1   | HP: 4/91 [poisoned by a queen ant]
 13761 | Lair:1   | HP: 1/91 [poisoned by a queen ant]
 13765 | Lair:1   | Succumbed to a queen ant's poison

Vault maps used:
D:1:      dpeg_arrival_fog, minmay_tetromino_s4
D:2:      dk_yredelemnul_ordeal, uniq_crazy_yiuf_cottage
D:3:      cheibrodos_helix_gallery, nicolae_overflow_crystal_walls,
          lemuel_doored_altar, first_bread, minmay_ogre_servants
D:4:      kennysheep_mini, minitemple, kennysheep_vampire_church, uniq_purgy,
          uniq_grinder
D:6:      tso_metal_star, serial_bayou_lake_a
D:9:      minmay_lair_entry_grove, grunt_ogre_cave, lemuel_oklob_altar,
          uniq_joseph
D:10:     serial_ice, serial_ice_o, serial_ice_e, serial_ice_k, serial_ice_g,
          serial_ice_d, serial_ice_b, serial_ice_a, serial_ice_n
Temple:   dshaligram_water_room_temple
Lair:1:   nicolae_quartered_pool_little, lemuel_centaur_altar
Lair:2:   zaba_antful_of_joy, uniq_sonja, uniq_fannar

Skill      XL: |  1  2  3  4  5  6  7  8  9 10 11 |
---------------+----------------------------------+-----
Axes           | 3 4 5 6 7 9 11 12 13 | 13.3
Armour         | 1 2 3 4 5 6 |  6.6
Shields        | 1 2 3 4 5 |  5.1
Fighting       | 4 5 |  5.8
Invocations    | 4 |  4.3
Throwing       | |  1.7
Dodging        | |  2.6

Action                   |  1- 3 |  4- 6 |  7- 9 | 10-12 || total
-------------------------+-------+-------+-------+-------++-------
Melee: War axe           |   100 |   154 |   365 |   528 ||  1147
       Headbutt          |     6 |    23 |    60 |    87 ||   176
Throw: Throwing net      |       |     5 |     1 |     2 ||     8
Invok: Heroism           |       |       |       |     2 ||     2
Evoke: Wand              |       |       |     1 |     6 ||     7
  Use: Scroll            |       |     6 |    10 |     7 ||    23
       Potion            |       |     5 |     2 |     7 ||    14
 Stab: Sleeping          |     1 |     2 |       |       ||     3
       Distracted        |       |       |     2 |     3 ||     5
       Paralysed         |       |       |     3 |     3 ||     6
  Eat: Chunk             |     2 |     8 |    16 |    14 ||    40
       Pizza             |       |       |     1 |       ||     1
       Fruit             |       |       |       |     2 ||     2
       Bread ration      |       |       |       |     1 ||     1
       Meat ration       |       |       |       |     1 ||     1
Armor: Leather armour    |    16 |    16 |       |       ||    32
       Scale mail        |       |       |   108 |       ||   108
       Ring mail         |       |       |    27 |   155 ||   182
       Skin              |       |       |     1 |       ||     1
Dodge: Dodged            |    80 |   100 |   198 |   237 ||   615
Block: Buckler           |       |     4 |    75 |   108 ||   187
